 Dungeon Crawl Stone Soup version 0.31.0-11-ge490571c62 (webtiles) character file.

Game seed: 1907266519786645517

22 Amelense the Slasher (level 2, 26/26 HPs)
             Began as a Minotaur Fighter on Feb 8, 2024.
             Got out of the dungeon alive.
             The game lasted 00:01:13 (385 turns).

Amelense the Slasher (Minotaur Fighter)              Turns: 385, Time: 00:01:14

Health: 26/26      AC:  6    Str: 20    XL:     2   Next: 68%
Magic:  1/1        EV:  9    Int:  5    God:
Gold:   28         SH:  4    Dex:  9    Spells: 1/1 levels left

rFire   . . .        a - +0 long sword
rCold   . . .        c - +0 buckler
rNeg    . . .        b - +0 scale mail
rPois   .            (helmet restricted)
rElec   .            (no cloak)
rCorr   .            (no gloves)
SInv    .            (no boots)
Will    .....        (no amulet) Stlth
                     (no ring)
HPRegen 0.24/turn    (no ring)
MPRegen 0.07/turn

%: no passive effects
@: no status effects
A: horns 2, retaliatory headbutt
a: no special abilities


You escaped.
You visited 1 branch of the dungeon, and saw 1 of its levels.

You collected 28 gold pieces.

Inventory:

Hand Weapons
 a - a +0 long sword (weapon)
Armour
 b - a +0 scale mail (worn)
 c - a +0 buckler (worn)
Scrolls
 f - a scroll of fog {unknown}
 i - a scroll of enchant weapon {unknown}
Potions
 d - a potion of might
 e - a potion of curing {unknown}
 g - a potion of haste {unknown}
 h - a potion of mutation {unknown}


   Skills:
 - Level 3.6 Fighting
 * Level 4.0 Long Blades
 - Level 3.6 Armour
 + Level 0.3 Dodging
 - Level 3.6 Shields


You had one spell level left.
You didn't know any spells.
Your spell library contained the following spells:

 Spells                   Type           Power      Damage    Failure   Level
 Manifold Assault         Tloc           0%         N/A       100%        4
 Dispersal                Tloc           0%         N/A       100%        6
 Disjunction              Tloc           0%         N/A       100%        8


Dungeon Overview and Level Annotations

Branches:
Dungeon (1/15)

Altars:


Innate Abilities, Weirdness & Mutations

You have a pair of horns on your head.
You reflexively headbutt those who attack you in melee.


Message History

The giant cockroach closely misses you. The giant cockroach bites you.
You slash the giant cockroach!
You kill the giant cockroach!
e - a bubbling inky potion You see here a giant cockroach corpse.
Found a hand axe.
f - a scroll labelled CUCROF UFOTABROURR
g - a cyan potion You now have 28 gold pieces (gained 15).
You see here a bat corpse.
You see here 7 stones.
A dart slug comes into view.
A rat comes into view.
Found a bubbling yellow potion.
The dart slug barely misses you. You furiously retaliate!
You headbutt the dart slug!
You kill the dart slug!
The rat bites you. The rat bites you but does no damage.
You see here a dart slug corpse.
The rat bites you but does no damage. The rat bites you.
You closely miss the rat. The rat barely misses you. You furiously retaliate!
You headbutt the rat!
You kill the rat!
Your Long Blades skill increases to level 4!
Found a stone staircase leading down.
h - a bubbling yellow potion You see here a rat corpse.
Found 6 boomerangs.
i - a scroll labelled DUHASU GAEHEMN
There is a stone staircase leading down here.
You see here 6 boomerangs.
There is a stone staircase leading down here.
You see here a rat corpse.
You see here a quokka skeleton.
You see here a jackal skeleton.
You see here a quokka skeleton.
There is a staircase leading out of the dungeon here.
You have escaped!

##......###.# #.#
###÷.......# #.#
#...###.######
#.÷.###.#8.8##
#####÷##........#
....÷.##.#......#
.>.......#...8..##
................8#
....###..#......@#
....# #..#......8#
....###..#...8..##
#...>...........#
#..#..#.#.......#
#.....#.##.#8.8##
#.###......#####
.. ....#### ..
......


There were no monsters in sight!

Vanquished Creatures
  2 dart slugs (D:1)
  3 bats (D:1)
  2 endoplasms (D:1)
  A giant cockroach (D:1)
  3 jackals (D:1)
  2 quokkas (D:1)
  A ball python (D:1)
  2 rats (D:1)
16 creatures vanquished.

Notes
Turn   | Place    | Note
-------+----------+-------------------------------------------
     0 | D:1      | Amelense the Minotaur Fighter began the quest for the Orb.
     0 | D:1      | Reached XP level 1. HP: 19/19 MP: 0/0
    41 | D:1      | Reached skill level 3 in Long Blades
    92 | D:1      | Reached XP level 2. HP: 26/26 MP: 1/1
   329 | D:1      | Reached skill level 4 in Long Blades
   385 | D:$      | Got out of the dungeon alive.

Illustrated notes

Levels and vault maps discovered:
D:1:      mrwooster_arrival_statue_2, layout_loops_cross, minmay_small_reverse_x

Skill      XL: |  1  2 |
---------------+-------+-----
Long Blades    | 3 4 |  4.0
Fighting       | |  3.6
Armour         | |  3.6
Dodging        | |  0.3
Shields        | |  3.6

Action                     || total
---------------------------++-------
  Melee: Long sword        ||    32
         Headbutt          ||     4
 Armour: Scale mail        ||    27
  Dodge: Dodged            ||    20
  Block: Buckler           ||     9
